 Dungeon Crawl Stone Soup version 0.31-a0-1537-g69dc257577 (webtiles) character file.

Game seed: 11465662395045281768

9 burgermaster6969 the Magician (level 2, 21/24 HPs)
             Began as a Troll Hedge Wizard on Jan 1, 2024.
             Quit the game on level 1 of the Dungeon.
             The game lasted 00:06:57 (704 turns).

burgermaster6969 the Magician (Troll Hedge Wizard)   Turns: 704, Time: 00:06:57

Health: 21/24      AC:  4    Str: 17    XL:     2   Next: 3%
Magic:  4/4        EV:  9    Int: 10    God:
Gold:   13         SH:  0    Dex:  9    Spells: 4/5 levels left

rFire   . . .        a - +0 dagger
rCold   . . .        (no shield)
rNeg    . . .        b - +0 robe
rPois   .            c - +0 hat
rElec   .            (no cloak)
rCorr   .            (gloves unavailable)
SInv    .            (boots unavailable)
Will    .....        (no amulet)
Stlth   +            (no ring)
HPRegen 1.04/turn    (no ring)
MPRegen 0.09/turn

%: no passive effects
@: no status effects
A: large, unfitting armour, claws 3, regeneration 1, shaggy fur 1, tough skin 1
a: no special abilities


You were on level 1 of the Dungeon.
You visited 1 branch of the dungeon, and saw 1 of its levels.

You collected 13 gold pieces.

Inventory:

Hand Weapons
 a - a +0 dagger (weapon)
Armour
 b - a +0 robe (worn)
 c - a +0 hat (worn)
Scrolls
 e - a scroll of teleportation {unknown}
Potions
 d - a potion of magic
 f - a potion of curing {unknown}


   Skills:
 + Level 0.1 Short Blades
 + Level 1.6 Dodging
 + Level 1.1 Stealth
 + Level 2.2 Spellcasting
 + Level 0.6 Conjurations
 + Level 0.6 Summonings
 + Level 0.6 Translocations


You had 4 spell levels left.
You knew the following spells:

 Your Spells              Type           Power      Damage    Failure   Level
a - Magic Dart            Conj           8%         1d3       24%         1

Your spell library contained the following spells:

 Spells                   Type           Power      Damage    Failure   Level
 Slow                     Hex            4%         N/A       30%         1
 Blink                    Tloc           4%         N/A       36%         2
 Call Imp                 Summ           4%         N/A       36%         2
 Cigotuvi's Dreadful Rot  Necr/Alch/Air  2%         N/A       43%         2
 Mephitic Cloud           Conj/Alch/Air  1%         N/A       63%         3


Dungeon Overview and Level Annotations

Branches:
Dungeon (1/15)

Altars:


Innate Abilities, Weirdness & Mutations

You are too large for most types of armour.
You have claws for hands.
Your natural rate of healing is unusually fast.
You are covered in fur. (AC +1)
You have tough skin. (AC +1)


Message History

The kobold hits you but does no damage.
The ball python bites you but does no damage.
You closely miss the kobold. You claw the kobold.
You kill the kobold!
The rat twitches its whiskers.
The ball python barely misses you.
You hit the endoplasm.
The endoplasm is lightly wounded.
The endoplasm closely misses you. The ball python barely misses you.
You hit the endoplasm but do no damage.
The endoplasm is lightly wounded.
The endoplasm hits you. The ball python closely misses you.
You hit the endoplasm.
The endoplasm is moderately wounded.
The ball python bites you. The endoplasm hits you.
You hit the endoplasm.
The endoplasm is heavily wounded.
The ball python completely misses you. The endoplasm freezes you.
You are frozen.
The ball python bites you but does no damage.
You barely miss the endoplasm.
The endoplasm is heavily wounded.
The endoplasm hits you but does no damage.
The ball python barely misses you.
You hit the endoplasm.
The endoplasm is severely wounded.
The endoplasm hits you but does no damage.
The ball python closely misses you.
You hit the endoplasm.
The endoplasm is almost dead.
The endoplasm hits you. The ball python closely misses you.
You hit the endoplasm.
You kill the endoplasm!
The ball python closely misses you.
You have reached level 2!
Saving game... please wait.
Welcome back, burgermaster6969 the Troll Hedge Wizard.
Press ? for a list of commands and other information.
Are you sure you want to abandon this character and quit the game? (Confirm with "yes".)

#.# .... #.# ###
#.# #.# #.# #.#
##########
#.######....)...#
#rS...†.........#
#@#####.........##
### #...........
#...........
#...........
#...........
#...........
#...........
#...........
#.#####'#...


You could see a ball python and a rat.

Vanquished Creatures
  3 endoplasms (D:1)
  A goblin (D:1)
  A hobgoblin (D:1)
  A kobold (D:1)
  A frilled lizard (D:1)
7 creatures vanquished.

Notes
Turn   | Place    | Note
-------+----------+-------------------------------------------
     0 | D:1      | burgermaster6969 the Troll Hedge Wizard began the quest for
                  | the Orb.
     0 | D:1      | Reached XP level 1. HP: 16/16 MP: 2/2
   704 | D:1      | Reached XP level 2. HP: 21/24 MP: 4/4
   704 | D:1      | Quit the game

Illustrated notes

Levels and vault maps discovered:
D:1:      dpeg_arrival_yet_another_circle, layout_basic, st_stairs_13,
          serial_bayou_pond_b, minivault_25, minmay_fountain_box

Action                     || total
---------------------------++-------
  Melee: Dagger            ||    54
         Punch             ||     5
 Armour: Robe              ||    62
  Dodge: Dodged            ||    44

Table legend: (Time is in decaauts)
 A = Elapsed time spent in this place.
 B = Non-inter-level travel time spent in this place.
 C = Inter-level travel time spent in this place.
 D = Time resting spent in this place.
 E = Time spent auto-exploring this place.
 F = Levels seen in this place.
 G = Mean time per level.
                   A        B        C        D        E       F      G
               +--------+--------+--------+--------+--------+-----+--------+
         Total |    704 |    632 |     72 |    100 |      0 |   1 |  704.0 |
       Dungeon |    704 |    632 |     72 |    100 |      0 |   1 |  704.0 |
               +--------+--------+--------+--------+--------+-----+--------+

Top non-repeatable levels by time:
     D:1: 704 daAuts
